AoeStats
← Araco

Black Forest

508016530Analyzed
2v2 RM · 12d ago on Sep 20, 2026· 58m 54s· 4 players
Game mode
Random Map
Map size
Medium (4 player)
Population
200
Speed
Normal
Resources
Standard
Victory
Conquest
Starting age
Dark Age
Ending age
Imperial Age
RankedLock teamsTeams togetherTeam positionsShared explorationLock speedFull tech treeHidden civsTurbo modeCheats
Victory
Defeat
🇪🇸 Goths · Spain
1294
+16
🇪🇸 Britons · Spain
1276
+17
🇸🇪 Cumans · Sweden
1297
-17
🇳🇱 Spanish · Netherlands
1293
-16
Araco
0:26 Loom
13:28 Feudal Age
14:06 Man-at-Arms
18:56 Forging
18:48 Scale Mail Armor
20:20 Horse Collar
20:29 Double-Bit Axe
25:14 Castle Age
24:31 Gold Mining
26:29 Wheelbarrow
26:44 Heavy Plow
26:57 Bow Saw
29:59 Hand Cart
36:49 Imperial Age
37:28 Masonry
37:37 Chain Mail Armor
37:58 Iron Casting
37:25 Squires
36:45 Pikeman
37:33 Long Swordsman
38:42 Halberdier
40:06 Caravan
40:27 Perfusion
40:48 Conscription
40:29 Anarchy
40:35 Perfusion
40:55 Conscription
42:02 Blast Furnace
41:52 Crop Rotation
42:26 Two-Man Saw
44:02 Elite Huskarl
54:32 Town Watch
56:01 Architecture
56:33 Chemistry
55:54 Ballistics
55:46 Two-Handed Swordsman
56:41 Champion
Ares (Yi Nation)
4:31 Loom
10:29 Feudal Age
11:21 Man-at-Arms
12:12 Man-at-Arms
13:16 Fletching
15:23 Horse Collar
15:34 Double-Bit Axe
17:03 Padded Archer Armor
24:40 Horse Collar
29:15 Castle Age
29:02 Gold Mining
29:20 Crossbowman
32:25 Bow Saw
33:09 Heavy Plow
34:59 Bodkin Arrow
36:23 Wheelbarrow
36:13 Leather Archer Armor
36:53 Ballistics
37:18 Fortified Wall
39:30 Masonry
43:39 Imperial Age
42:44 Forging
43:00 Hand Cart
44:13 Stone Mining
44:05 Onager
44:55 Arbalester
45:39 Bracer
45:41 Town Watch
48:35 Chemistry
49:08 Ring Archer Armor
49:56 Siege Engineers
49:28 Capped Ram
52:02 Hoardings
54:21 Gold Shaft Mining
54:03 Scale Mail Armor
54:49 Caravan
55:25 Yeomen
59:03 Conscription
El Tornado
1:47 Loom
10:47 Feudal Age
12:24 Double-Bit Axe
16:50 Fletching
17:58 Padded Archer Armor
24:59 Horse Collar
29:02 Castle Age
28:51 Wheelbarrow
30:19 Bow Saw
30:11 Heavy Plow
33:17 Redemption
33:27 Hand Cart
34:11 Leather Archer Armor
34:01 Bodkin Arrow
33:57 Elite Skirmisher
35:43 Ballistics
43:19 Imperial Age
41:00 Town Watch
44:18 Coinage
44:37 Conscription
45:36 Chemistry
46:08 Forging
45:58 Scale Mail Armor
45:58 Bracer
46:28 Ring Archer Armor
46:36 Banking
46:14 Man-at-Arms
46:39 Gambesons
46:55 Squires
46:40 Arson
47:31 Long Swordsman
53:58 Two-Handed Swordsman
57:42 Supremacy
57:25 Champion
barış
9:13 Feudal Age
22:46 Fletching
22:56 Padded Archer Armor
23:05 Horse Collar
24:49 Double-Bit Axe
27:57 Wheelbarrow
31:07 Castle Age
30:45 Gold Mining
32:06 Heavy Plow
32:44 Gold Shaft Mining
36:06 Imperial Age
33:52 Stone Mining
34:30 Hand Cart
34:48 Bow Saw
34:36 Bodkin Arrow
34:56 Leather Archer Armor
35:04 Town Watch
35:06 Loom
37:18 Ring Archer Armor
36:10 Elite Skirmisher
38:03 Two-Man Saw
38:50 Chemistry
38:35 Thumb Ring
39:35 Conscription
40:03 Ballistics
43:20 Forging
43:15 Scale Barding Armor
42:46 Cavalier
43:37 Bloodlines
47:37 Paladin
48:40 Chain Barding Armor
49:56 Murder Holes
53:22 Iron Casting
53:22 Plate Barding Armor
56:20 Blast Furnace
56:24 Light Cavalry
Connection lost

Rejoining the realm…

Still unreachable

The connection could not be restored.

Session expired

The server has moved on; the page needs a fresh start.